 Dungeon Crawl Stone Soup version 0.21-a0-513-gdcb3f5e (webtiles) character file.

5012 Gildeon the Magician (level 10, -2/69 HPs)
             Began as a Demigod Fire Elementalist on Dec 1, 2017.
             Slain by a hippogriff (11 damage)
             ... on level 1 of the Lair of Beasts.
             The game lasted 01:19:16 (10262 turns).

Gildeon the Magician (Demigod Fire Elementalist)   Turns: 10262, Time: 01:19:16

Health: -2/69      AC: -2    Str: 13    XL:     10   Next: 9%
Magic:  26/32      EV: 12    Int: 21    God:
Gold:   572        SH:  0    Dex: 18    Spells: 4/21 levels left

rFire    . . .     SeeInvis .   D - +4 quarterstaff (chaos)
rCold    . . .     Gourm    .   (shield currently unavailable)
rNeg     . . .     Faith    .   a - +0 troll leather armour
rPois    .         Spirit   .   h - +2 helmet
rElec    .         Reflect  .   E - +0 cloak
rCorr    .         Harm     .   y - +0 pair of gloves
MR       +....                  m - +0 pair of boots
Stlth    ++........             r - amulet of magic regeneration
HPRegen  0.61/turn              H - ring of magical power
MPRegen  0.48/turn              J - ring of wizardry

@: corroded
A: high mp 1
a: no special abilities


You were on level 1 of the Lair of Beasts.
You were not hungry.

You visited 3 branches of the dungeon, and saw 11 of its levels.

You collected 572 gold pieces.

Inventory:

Hand Weapons
 D - a +4 quarterstaff of chaos (weapon)
Armour
 a - a +0 troll leather armour (worn)
 h - a +2 helmet (worn)
 m - a +0 pair of boots (worn)
 y - a +0 pair of gloves (worn)
 E - a +0 cloak (worn)
Jewellery
 r - an amulet of magic regeneration (around neck)
 x - an uncursed ring of poison resistance
 B - an uncursed ring of resist corrosion
 H - a ring of magical power (left hand)
 J - a ring of wizardry (right hand)
Wands
 w - a wand of acid (11)
 C - a wand of flame (30)
Scrolls
 g - 4 scrolls of teleportation
 i - a scroll of remove curse
Potions
 c - 2 potions of resistance {unknown}
 d - a potion of ambrosia
 e - a potion of berserk rage
 f - a potion of heal wounds {unknown}
 j - 2 potions of haste
 k - 2 potions of might
 l - 2 potions of magic
 n - 3 potions of curing
 q - 2 potions of mutation {unknown}
 s - a potion of flight {unknown}
 A - a potion of brilliance {unknown}
 F - 2 potions of degeneration {unknown}
Books
 b - a book of Flames

   Spells                             Type                      Level
   a - Flame Tongue                   Conjuration/Fire             1
   b - Throw Flame                    Conjuration/Fire             2
   c - Conjure Flame                  Conjuration/Fire             3
   d - Inner Flame                    Hexes/Fire                   3
   e - Sticky Flame                   Conjuration/Fire             4
   f - Fireball                       Conjuration/Fire             5
 p - Sif Muna's Guide on Feathery Creation
   (You found it on level 9 of the Dungeon)

   Spells                             Type                      Level
   a - Mephitic Cloud                 Conjuration/Poison/Air       3
   b - Summon Guardian Golem          Hexes/Summoning              3
   c - Summon Demon                   Summoning                    5
   d - Tornado                        Air                          9
 t - a book of Misfortune

   Spells                             Type                      Level
   a - Confusing Touch                Hexes                        1
   b - Confuse                        Hexes                        3
   c - Gell's Gravitas                Translocation                3
   d - Petrify                        Transmutation/Earth          4
   e - Metabolic Englaciation         Hexes/Ice                    5
   f - Yara's Violent Unravelling     Hexes/Transmutation          5
Comestibles
 o - 4 meat rations
 u - 2 fruits
 v - 3 royal jellies
 z - 3 bread rations


   Skills:
 - Level 4.0 Staves
 - Level 1.7 Dodging
 - Level 1.7 Stealth
 - Level 6.4 Spellcasting
 - Level 5.1 Conjurations
 - Level 5.0 Hexes
 + Level 4.9 Transmutations
 - Level 5.6 Fire Magic
 - Level 5.0 Earth Magic


You had 4 spell levels left.
You knew the following spells:

 Your Spells              Type           Power        Failure   Level  Hunger
a - Flame Tongue          Conj/Fire      ####.        1%          1    None
b - Throw Flame           Conj/Fire      ####..       1%          2    None
c - Conjure Flame         Conj/Fire      ####....     1%          3    #......
d - Inner Flame           Hex/Fire       ####....     1%          3    #......
e - Petrify               Tmut/Erth      ####....     6%          4    ###....
f - Sticky Flame          Conj/Fire      ####....     5%          4    ###....


Dungeon Overview and Level Annotations

Branches:
Dungeon (9/15)             Temple (1/1) D:7            Lair (1/6) D:9
    Orc: D:9-12

Shops:
D:4 [

Annotations:
Lair:1 exclusion: 3 oklob plants


Innate Abilities, Weirdness & Mutations

You have an increased reservoir of magic. (+10% MP)


Message History

Press: ? - help, Shift-Dir - straight line, f - hippogriff
Aim: a hippogriff The flame tongue hits the hippogriff.
The hippogriff is moderately wounded.
The hippogriff bites you!
* * * LOW HITPOINT WARNING * * *
The hippogriff closely misses you. The hippogriff claws you.
* * * LOW HITPOINT WARNING * * *
You feel better. The hippogriff bites you.
* * * LOW HITPOINT WARNING * * *
The hippogriff pecks you!
* * * LOW HITPOINT WARNING * * *
The hippogriff claws you.
* * * LOW HITPOINT WARNING * * *
Okay, then.
Okay, then.
Your magical contamination has completely faded away.
There is a staircase back to the Dungeon here.
The hippogriff bites you!
You die...

.......
.........##.........
....P.....#.........
....#...........#.. .
.$..#............# #..
....#....# ....# .(..
..###....# #..# .....
.........####.####.....P
P#.............H@.......
P#......................
$#.#####.#####.#P##P####
.### ### ##### # .# ##


You could see a hippogriff.

Vanquished Creatures
  The ghost of Gerstahl the Skirmisher, a novice DsGl of Okawaru (D:6)
  Joseph (D:8)
  A komodo dragon (D:9)
  A troll (D:9)
  Grinder (D:5)
  Prince Ribbit (D:8)
  A hippogriff (D:8)
  Sigmund (D:3)
  2 hungry ghosts (D:8)
  An ice beast (D:7)
  A black bear (D:4)
  A phantom (D:5)
  6 ogres
  A centaur (D:6)
  2 bullfrogs
  A gnoll sergeant (D:9)
  2 scorpions
  3 killer bees (D:7)
  4 wights (D:7)
  2 howler monkeys (D:9)
  5 crimson imps
  3 hounds
  Crazy Yiuf (D:6)
  A jelly (D:8)
  5 orc priests
  3 bullfrog skeletons
  2 orc wizards
  2 centaur skeletons
  Terence (D:3)
  4 iguanas
  5 worker ants
  A hound zombie (D:6)
  2 worker ant zombies
  4 gnolls (D:9)
  14 adders
  A shadow imp (D:6)
  3 oozes
  An adder zombie (D:6)
  2 worms
  A dart slug (D:3)
  34 orcs
  5 giant cockroaches
  10 hobgoblins
  8 jackals
  2 kobolds
  9 quokkas
  8 ball pythons
  7 bats
  8 frilled lizards
  A giant cockroach zombie (D:6)
  11 goblins
  A jackal zombie (D:7)
  A leopard gecko zombie (D:6)
  2 quokka skeletons
  10 rats
  3 plants (D:9)
215 creatures vanquished.

Vanquished Creatures (others)
  2 plants
2 creatures vanquished.

Grand Total: 217 creatures vanquished

Notes
Turn   | Place    | Note
-------+----------+-------------------------------------------
     0 | D:1      | Gildeon the Demigod Fire Elementalist began the quest for the Orb.
     0 | D:1      | Reached XP level 1. HP: 14/14 MP: 5/5
   121 | D:1      | Reached skill level 2 in Spellcasting
   439 | D:1      | Reached XP level 2. HP: 20/20 MP: 5/8
   628 | D:1      | Learned a level 2 spell: Throw Flame
   787 | D:1      | Reached skill level 3 in Spellcasting
  1001 | D:1      | Found an ornate altar of the Wu Jian Council.
  1004 | D:1      | Reached XP level 3. HP: 25/26 MP: 8/10
  1007 | D:1      | Found an iron altar of Okawaru.
  1007 | D:1      | Found a shimmering altar of Xom.
  1012 | D:1      | Learned a level 3 spell: Conjure Flame
  1013 | D:1      | Found a stormy altar of Qazlal.
  1013 | D:1      | Found a radiant altar of Vehumet.
  1013 | D:1      | Found a shattered altar of Ashenzari.
  1576 | D:2      | Found a basalt altar of Yredelemnul.
  1579 | D:2      | Found a burning altar of Makhleb.
  1645 | D:2      | Found a faded altar of an unknown god.
  1849 | D:2      | Reached XP level 4. HP: 32/33 MP: 6/12
  1863 | D:2      | Learned a level 3 spell: Inner Flame
  1941 | D:3      | Noticed Sigmund
  1948 | D:3      | Killed Sigmund
  1948 | D:3      | Reached skill level 5 in Spellcasting
  1948 | D:3      | Reached XP level 5. HP: 33/38 MP: 5/16
  1954 | D:3      | Learned a level 4 spell: Sticky Flame
  2364 | D:3      | Noticed Terence
  2384 | D:3      | Killed Terence
  2386 | D:3      | Reached XP level 6. HP: 20/45 MP: 1/17
  3500 | D:4      | Found Fafig's Armour Shop.
  4134 | D:4      | Reached skill level 5 in Fire Magic
  4265 | D:4      | Reached skill level 1 in Conjurations
  4456 | D:4      | Reached XP level 7. HP: 50/50 MP: 10/18
  4545 | D:5      | Entered Level 5 of the Dungeon
  4988 | D:5      | Noticed Grinder
  5002 | D:5      | Killed Grinder
  5301 | D:5      | Reached skill level 5 in Conjurations
  5413 | D:5      | Reached skill level 1 in Hexes
  5437 | D:5      | Reached XP level 8. HP: 57/57 MP: 11/19
  5443 | D:5      | Learned a level 4 spell: Petrify
  5458 | D:5      | Reached skill level 1 in Earth Magic
  5570 | D:5      | Found a sparkling altar of Nemelex Xobeh.
  6054 | D:6      | Found a runed door.
  6062 | D:6      | Noticed Crazy Yiuf
  6069 | D:6      | Killed Crazy Yiuf
  6171 | D:6      | Noticed Gerstahl's ghost (novice DsGl)
  6345 | D:6      | Killed Gerstahl's ghost
  6583 | D:6      | Found a radiant altar of Vehumet.
  6824 | D:7      | Reached skill level 5 in Earth Magic
  6878 | D:7      | Found a staircase to the Ecumenical Temple.
  6958 | D:7      | Reached XP level 9. HP: 62/62 MP: 15/20
  7478 | D:7      | Got an encrusted long sword
  7479 | D:7      | Identified the +2 long sword of Ru's Esteem {pain, *Noise rC+ Str+4} (You found it on level 7 of the Dungeon)
  7769 | Temple   | Entered the Ecumenical Temple
  8176 | D:8      | Reached skill level 5 in Hexes
  8584 | D:8      | Noticed Joseph
  8599 | D:8      | Killed Joseph
  8599 | D:8      | Reached skill level 6 in Spellcasting
  8708 | D:8      | Noticed Prince Ribbit
  8718 | D:8      | Killed Prince Ribbit
  9056 | D:9      | Identified Sif Muna's Guide on Feathery Creation
  9294 | D:9      | Reached XP level 10. HP: 69/69 MP: 20/23
  9719 | D:9      | Found a staircase to the Lair.
  9981 | D:9      | Found a shattered altar of Ashenzari.
 10189 | Lair:1   | Entered Level 1 of the Lair of Beasts
 10203 | Lair:1   | Noticed an oklob plant
 10211 | Lair:1   | Noticed an oklob plant
 10211 | Lair:1   | Noticed an oklob plant
 10252 | Lair:1   | HP: 3/69 [hippogriff (2)]
 10262 | Lair:1   | Slain by a hippogriff

Vault maps used:
D:1:      minmay_arrival_wavy_path, doesnt_xom_only_xom
D:2:      gammafunk_temple_overflow_wave, first_bread,
          chequers_ecumenical_altar_grove
D:3:      uniq_terence, uniq_sigmund
D:4:      black_bear_nest_2, serial_glass, glass_columns_b, glass_columns_c,
          serial_shops, nicolae_shop_temple_entry_statues_fountains,
          minmay_snake_closets
D:5:      nemelex_dance_club_becter, uniq_grinder
D:6:      vehumet_altar_wand_db, uniq_crazy_yiuf_cottage
D:7:      minmay_temple_entry_glassed_door
D:8:      uniq_prince_ribbit1, uniq_joseph
D:9:      lemuel_crystal_altar, david_lair_shrubbed
Temple:   compressed_dpeg_circular_temple
Lair:1:   minmay_lair_oklob_chamber, uniq_harold

Skill      XL: |  1  2  3  4  5  6  7  8  9 |
---------------+----------------------------+-----
Spellcasting   | 2 3 5 6 |  6.4
Fire Magic     | 3 5 |  5.6
Conjurations   | 2 5 |  5.1
Hexes          | 1 2 5 |  5.0
Earth Magic    | 5 |  5.0
Staves         | 4 |  4.0
Transmutations | 4 |  4.9
Dodging        | |  1.7
Stealth        | |  1.7

Action                   |  1- 3 |  4- 6 |  7- 9 | 10-12 || total
-------------------------+-------+-------+-------+-------++-------
Melee: Hand axe          |     8 |    30 |    32 |       ||    70
       Scythe            |       |    50 |       |       ||    50
       Quarterstaff      |       |       |    31 |    30 ||    61
 Cast: Flame Tongue      |    96 |   138 |   320 |    39 ||   593
       Throw Flame       |     3 |    13 |    18 |    13 ||    47
       Conjure Flame     |       |     1 |     6 |     1 ||     8
       Petrify           |       |       |     2 |       ||     2
       Sticky Flame      |       |       |     1 |     2 ||     3
       Inner Flame       |       |       |     1 |       ||     1
  Use: Scroll            |     5 |    12 |     9 |       ||    26
       Potion            |       |       |     4 |     1 ||     5
  Eat: Chunk             |     3 |     2 |    13 |     3 ||    21
       Bread ration      |       |     2 |       |       ||     2
       Meat ration       |       |       |     2 |       ||     2
Armor: Robe              |    10 |       |       |       ||    10
       Leather armour    |     4 |    72 |    71 |       ||   147
       Troll leather arm |       |       |       |     3 ||     3
Dodge: Dodged            |    34 |   102 |   141 |    28 ||   305

Table legend:
 A = Spawn XP
 B = Non-spawn XP
 C = Spawn XP percentage of total XP
 D = Spawn monster count
 E = Non-spawn monster count
 F = Spawn count percentage of total count
 G = Total turns spent on level
                    A         B        C        D         E        F      G
               +---------+---------+-------+---------+---------+-------+---------
         Total |       0 |    7160 |   0.0 |       0 |     212 |   0.0 | 10262
               +---------+---------+-------+---------+---------+-------+---------
           D:1 |       0 |      48 |   0.0 |       0 |      26 |   0.0 |  1137
           D:2 |       0 |      73 |   0.0 |       0 |      26 |   0.0 |   799
           D:3 |       0 |     404 |   0.0 |       0 |      28 |   0.0 |  1335
           D:4 |       0 |     462 |   0.0 |       0 |      30 |   0.0 |  1274
           D:5 |       0 |     884 |   0.0 |       0 |      26 |   0.0 |  1304
           D:6 |       0 |    1068 |   0.0 |       0 |      19 |   0.0 |   889
           D:7 |       0 |     816 |   0.0 |       0 |      18 |   0.0 |  1146
           D:8 |       0 |    1879 |   0.0 |       0 |      17 |   0.0 |  1009
           D:9 |       0 |    1526 |   0.0 |       0 |      22 |   0.0 |  1275
               +---------+---------+-------+---------+---------+-------+---------
